Map: Queda Cerúlea LE

Players

Vicster - Winner!

  • Race: Terran Terran
  • League: Gold
  • Spawn Location: 7:00

VOD

Have the link to the VOD?

Description

Time

  • Played on: Jan. 6, 2019, 1:11 p.m.
  • Length: 22:24
Show
View Real Time Build Order
Export as new Build Order

Vicster Terran - Winner!

Build Orders:  

Get SALT Encoding   

  12  0:01  SCV  
  13  0:18  SCV  
  14  0:24  Supply Depot  
  14  0:35  SCV  
  15  0:54  SCV  
  16  1:01  Barracks  
  16  1:11  SCV  
  16  1:13  Refinery  
  17  1:28  SCV  
  18  1:47  SCV  
  19  2:04  SCV  
  20  2:15  Marine  
  20  2:18  Command Center  
  21  2:23  Orbital Command  
  21  2:59  SCV  
  22  3:18  Factory  
  21  3:22  SCV  
  22  3:39  SCV  
  23  3:44  Supply Depot  
  23  3:49  Barracks Reactor  
  23  3:52  Barracks Tech Lab  
  23  3:58  SCV  
  23  3:59  Orbital Command  
  24  4:06  Bunker  
  24  4:15  SCV  
  25  4:27  Refinery  
  25  4:32  SCV  
  26  4:46  Siege Tank  
  26  4:49  SCV  
  30  4:54  Supply Depot  
  30  5:10  SCV x2  
  32  5:25  Supply Depot  
  32  5:27  SCV x2  
  34  5:31  Siege Tank  
  37  5:43  Engineering Bay  
  37  5:44  SCV  
  38  6:01  SCV  
  38  6:04  SCV  
  40  6:14  Supply Depot  
  40  6:16  Siege Tank  
  40  6:18  SCV  
  44  6:21  SCV  
  44  6:28  Missile Turret  
  45  6:33  Missile Turret  
  45  6:35  SCV  
  45  6:38  SCV  
  47  6:52  SCV  
  47  6:55  SCV  
  47  6:59  Supply Depot  
  49  7:01  Siege Tank  
  49  7:09  SCV  
  53  7:11  SCV  
  54  7:21  Armory  
  54  7:26  SCV  
  54  7:28  SCV  
  56  7:41  Supply Depot  
  56  7:55  SCV  
  56  7:56  SCV  
  56  7:59  Command Center  
  58  8:02  Refinery  
  58  8:05  Refinery  
  58  8:12  SCV  
  58  8:13  SCV  
  60  8:27  Supply Depot  
  60  8:29  SCV x2  
  62  8:46  SCV x2  
  64  8:52  Factory  
  64  9:03  Factory, SCV  
  64  9:04  Terran Vehicle And Ship Armor Level 1  
  65  9:20  SCV  
  66  9:34  SCV  
  66  9:37  SCV  
  66  9:38  Siege Tank x2  
  68  9:41  Orbital Command  
  68  9:51  SCV  
  68  9:54  SCV  
  70  10:04  Factory Reactor, Siege Tank  
  70  10:05  Factory Reactor  
  70  10:39  Orbital Command  
  70  10:40  Refinery  
  70  10:44  Refinery  
  70  11:03  SCV x2  
  72  11:15  Hellion x4  
  80  11:20  Thor, SCV x2  
  88  11:37  SCV  
  89  11:42  Armory  
  89  11:52  SCV x2  
  89  11:54  SCV  
  89  11:57  Terran Vehicle Weapons Level 1  
  92  12:03  Hellion  
  92  12:08  SCV  
  92  12:09  Factory, SCV  
  100  12:10  SCV  
  100  12:16  Factory x2  
  101  12:32  Hellion, Supply Depot  
  101  12:33  Hellion  
  101  12:34  Supply Depot  
  101  12:35  Supply Depot  
  101  12:37  Supply Depot x2  
  101  12:38  Hellion  
  101  12:39  Hellion  
  107  12:40  Supply Depot  
  105  13:01  Missile Turret  
  105  13:02  Thor, Missile Turret  
  105  13:07  Missile Turret  
  105  13:08  Hellion  
  105  13:09  Missile Turret  
  113  13:11  Terran Vehicle And Ship Armor Level 2  
  113  13:15  Hellion x3  
  113  13:17  Missile Turret  
  113  13:18  Missile Turret  
  119  13:20  Factory Tech Lab  
  119  13:21  Factory Tech Lab x2  
  119  13:26  Missile Turret  
  119  13:28  Missile Turret  
  119  13:29  Factory  
  119  13:36  Factory  
  119  13:40  SCV x3  
  122  13:57  SCV x3  
  125  14:01  Thor  
  125  14:09  Command Center  
  131  14:14  SCV x3  
  131  14:16  Command Center  
  134  14:26  Command Center, Hellion x4  
  134  14:28  Command Center, Thor x2  
  154  14:30  Command Center  
  154  14:35  Factory Tech Lab  
  154  14:36  Factory Tech Lab  
  154  15:01  SCV x3  
  154  15:05  Factory  
  157  15:41  Supply Depot  
  157  15:45  Supply Depot  
  157  15:46  Terran Vehicle Weapons Level 2, Supply Depot  
  157  15:48  Supply Depot  
  157  15:49  Thor x2, SCV x3  
  172  15:50  Supply Depot  
  172  15:53  Supply Depot  
  172  15:55  Supply Depot  
  172  15:56  Thor x2, Supply Depot  
  172  15:59  Supply Depot  
  183  16:00  Supply Depot  
  183  16:06  SCV x2  
  183  16:07  Factory  
  185  16:15  Hellion  
  185  16:16  Hellion x5  
  188  16:45  Hellion  
  188  16:46  Hellion x5  
  200  16:50  Refinery  
  200  16:55  Planetary Fortress  
  200  17:56  Factory Tech Lab  
  200  18:00  Factory Tech Lab  
  200  18:11  Factory  
  200  18:45  Refinery  
  200  18:47  Planetary Fortress  
  200  18:50  Factory  
  115  19:00  Planetary Fortress, Refinery  
  198  19:14  Planetary Fortress  
  198  19:27  Refinery  
  198  19:31  Factory Tech Lab  
  198  19:37  Refinery  
  194  19:48  Refinery  
  180  20:34  Factory Tech Lab  
  176  20:43  Starport  
Tags
 
League
Gold
Matchup
Co-op
Replay Pack
Vicster replay
Add a new tag
Caveats
  • Supply blocks, unpowered buildings, or Contaminate may cause inaccurate times.
  • Supply counts are checked every 10 seconds.